 Dungeon Crawl Stone Soup version 0.31-a0-819-gf6de2f5ab6 (webtiles) character file.

Game seed: 9951252170046323278

565 Kurtz the Chopper (level 7, -1/69 HPs)
             Began as an Octopode Fighter on Sept 23, 2023.
             Was an Initiate of Okawaru.
             Splashed by a jelly's acid (5 damage)
             ... on level 5 of the Dungeon.
             The game lasted 00:03:43 (3942 turns).

Kurtz the Chopper (Octopode Fighter)                Turns: 3942, Time: 00:03:43

Health: -1/69      AC: -1    Str: 16    XL:     7   Next: 32%
Magic:  2/2        EV: 14    Int:  8    God:    Okawaru [......]
Gold:   246        SH:  5    Dex: 19    Spells: 6/6 levels left

rFire   . . .        o - +0 war axe (antimagic)
rCold   . . .        b - +0 buckler
rNeg    . . .        (helmet restricted)
rPois   .            (no amulet)
rElec   .            j - +6 ring of dexterity
rCorr   .            (no ring)
SInv    +            (no ring)
Will    .....        (no ring) Stlth
                     (no ring)
HPRegen 0.31/turn    (no ring)
MPRegen 0.08/turn    (no ring)
                     (no ring)

%: no passive effects
@: berserking, corroded, very quick
A: almost no armour, amphibious, 8 rings, camouflage 1, gelatinous body 1,
(nimble swimmer 1), tentacles, iridescent scales 1, see invisible, dopey 1,
inability to drink after injury 1
a: Renounce Religion


You were on level 5 of the Dungeon.
You worshipped Okawaru.
Okawaru was noncommittal.
You visited 1 branch of the dungeon, and saw 5 of its levels.

You collected 246 gold pieces.

Inventory:

Hand Weapons
 a - a +0 war axe
 o - a +0 antimagic war axe (weapon)
Armour
 b - a +0 buckler (worn)
Jewellery
 j - a +6 ring of dexterity (left tentacle)
Scrolls
 c - 3 scrolls of fear {unknown}
 e - 5 scrolls of teleportation {unknown}
 g - 3 scrolls of identify {unknown}
 h - a scroll of revelation {unknown}
 k - a scroll of vulnerability {unknown}
 m - a scroll of poison {unknown}
 n - a scroll of torment {unknown}
 p - a scroll of immolation {unknown}
 q - a scroll of brand weapon {unknown}
Potions
 i - a potion of haste {unknown}
 l - 2 potions of lignification {unknown}
 r - a potion of enlightenment {unknown}


   Skills:
 * Level 3.1 Fighting
 * Level 7.6 Axes
 * Level 3.1 Dodging
 * Level 3.1 Shields
 * Level 0.5 Invocations


You had 6 spell levels left.
You didn't know any spells.
Your spell library contained the following spells:

 Spells                   Type           Power      Damage    Failure   Level
 Dazzling Flash           Conj/Hex       0%         N/A       86%         3
 Ozocubu's Armour         Ice            0%         N/A       86%         3
 Volatile Blastmotes      Fire/Tloc      0%         2d10      86%         3
 Lee's Rapid Deconstruct  Erth           0%         3d4*      100%        5
 Metabolic Englaciation   Hex/Ice        0%         N/A       100%        5
 Starburst                Conj/Fire      0%         6d3       100%        6
 Maxwell's Capacitive Co  Air            0%         ∞         100%        8
 Animate Armour           Summ/Erth      Unusable   N/A       N/A         4
 Summon Lightning Spire   Summ/Air       Unusable   N/A       N/A         4
 Simulacrum               Ice/Necr       Unusable   N/A       N/A         6

Dungeon Overview and Level Annotations

Branches:
Dungeon (5/15)
 Temple: D:4-7

Altars:
Okawaru
Qazlal
Trog
Uskayaw

Shops:
D:1 =**[(

Annotations:
D:4 Pikel


Innate Abilities, Weirdness & Mutations

You cannot wear most types of armour.
You are amphibious.
You can wear up to eight rings at the same time.
Your skin changes colour to match your surroundings (Stealth+).
Your rubbery body absorbs attacks. (AC +1, EV +1)
((You are camouflaged when in or above water. (Stealth+)))
You have tentacles for arms and can constrict up to eight enemies at once.
You are partially covered in iridescent scales. (AC +2)
You have supernaturally acute eyesight. (SInv)
You are dopey. (Int -2)
You occasionally lose the ability to drink potions when taking damage.


Message History

A jelly comes into view.
A jelly is nearby!
What are your orders? t - Shout!
Orders for allies: a - Attack new target. r - Retreat! s - Stop attacking. g - Guard the area. f - Follow me.
Anything else - Cancel.
You shout for attention!
Throw: dart (poison)
Press: ? - help, Q - select action Shift-Dir - straight line, f - jelly
Aim: a jelly (89% to hit)
You throw a poisoned dart. The poisoned dart hits the jelly.
Unknown command.
Unknown command.
You hit the jelly.
Your tentacles burn!
The jelly is lightly wounded.
The jelly closely misses you.
You hit the jelly but do no damage.
Your tentacles burn!
The jelly is lightly wounded.
The jelly hits you.
You are splashed with acid.
You barely miss the jelly.
The jelly is lightly wounded.
The jelly misses you.
You hit the jelly but do no damage.
Your tentacles burn!
The jelly is lightly wounded.
You slash the gnoll! The jelly hits you.
You are splashed with acid!
The gnoll hits you with a +0 whip!
* * * LOW HITPOINT WARNING * * *
Unknown command.
The jelly attacks as it pursues you! The jelly closely misses you.
The gnoll throws a stone.
The stone completely misses you.
It was a potion of berserk rage.
A red film seems to cover your vision as you go berserk!
You feel yourself moving faster!
You feel mighty! The jelly hits you.
* * * LOW HITPOINT WARNING * * *
The acid corrodes you!
You are splashed with acid!
* * * LOW HITPOINT WARNING * * *
You hit the jelly.
Your tentacles burn!
You die...

##.##.... ....
g>.# #... ...
...####(## #.#
......(..####.##
.#.# #...(.....#
.#.# ####......#
.#.###
###...g###
.#...## #...OJ.#
..##..#
#....#@##
..###.#
#....#..#
...##.#
#....##.####
......#
#....##..))#
..#...##
##########.#
.###...#
###))).<..#
##.....#
#.).#######
...##..#####.###
#####........###


You could see an ogre, a jelly and a gnoll.

Vanquished Creatures
  A phantom (D:4)
  2 lemures
  A scorpion (D:4)
  3 orc priests
  2 iguanas
  4 orc wizards
  7 gnolls
  2 adders
  A worm (D:3)
  3 dart slugs
  6 orcs
  7 bats
  8 endoplasms
  2 giant cockroaches
  8 hobgoblins
  12 jackals
  2 quokkas
  3 ball pythons
  4 frilled lizards
  5 goblins
  10 kobolds
  8 rats
101 creatures vanquished.

Notes
Turn   | Place    | Note
-------+----------+-------------------------------------------
     0 | D:1      | Kurtz the Octopode Fighter began the quest for the Orb.
     0 | D:1      | Reached XP level 1. HP: 16/16 MP: 1/1
    47 | D:1      | Found Jurchitz's Jewellery Boutique.
   103 | D:1      | Reached XP level 2. HP: 17/21 MP: 2/2
   216 | D:1      | Reached skill level 3 in Axes
   298 | D:1      | Found Fuilaff's General Store.
   336 | D:1      | Found Ebberph's General Store.
   378 | D:1      | Reached XP level 3. HP: 26/26 MP: 3/3
   381 | D:1      | Found Belawit's Antique Armour Shoppe.
   415 | D:1      | Found Segoason's Antique Weapon Shoppe.
  1013 | D:2      | Found a hide-covered altar of Uskayaw.
  1546 | D:3      | Reached skill level 4 in Axes
  1717 | D:3      | Reached XP level 4. HP: 31/31 MP: 4/4
  1731 | D:3      | Found a bloodstained altar of Trog.
  1970 | D:3      | Found a stormy altar of Qazlal.
  1993 | D:3      | Reached skill level 5 in Axes
  1993 | D:3      | Reached XP level 5. HP: 19/36 MP: 1/5
  2190 | D:4      | Noticed a lemure
  2263 | D:4      | Noticed a lemure
  2263 | D:4      | Noticed a lemure
  2264 | D:4      | Noticed a lemure
  2319 | D:4      | Noticed Pikel
  2428 | D:4      | Reached skill level 6 in Axes
  2428 | D:4      | Reached XP level 6. HP: 16/42 MP: 2/6
  2433 | D:4      | Gained mutation: You are dopey. (Int -2) [potion of
                  | mutation]
  2433 | D:4      | Gained mutation: You occasionally lose the ability to drink
                  | potions when taking damage. [potion of mutation]
  2433 | D:4      | Gained mutation: You are partially covered in iridescent
                  | scales. (AC +2) [potion of mutation]
  2433 | D:4      | Gained mutation: You have supernaturally acute eyesight.
                  | (SInv) [potion of mutation]
  2819 | D:4      | Reached skill level 7 in Axes
  3038 | D:4      | Found an iron altar of Okawaru.
  3053 | D:4      | Became a worshipper of Warmaster Okawaru
  3118 | D:4      | Reached XP level 7. HP: 39/46 MP: 2/7
  3590 | D:5      | Entered Level 5 of the Dungeon
  3942 | D:5      | Splashed by a jelly's acid

Illustrated notes

Levels and vault maps discovered:
D:1:      erik_arrival_blinker_ship, layout_loops_ring, serial_shops,
          nicolae_shop_just_a_little_nook, shop, shop, shop,
          nicolae_lakefront_shop
D:2:      layout_basic, basic_altar, chequers_jeans, serial_bayou_lake_a
D:3:      layout_basic, grunt_qazlal_clouds, mainiacjoe_overflow_paths
D:4:      layout_layer_cave, okawaru_altar_gauntlet_db, uniq_pikel
D:5:      layout_rooms, uniq_edmund

Skill      XL: |  1  2  3  4  5  6 |
---------------+-------------------+-----
Axes           | 3 4 5 6 7 |  7.6
Fighting       | |  3.1
Dodging        | |  3.1
Shields        | |  3.1
Invocations    | |  0.5

Action                     |  1- 3 |  4- 6 |  7- 9 || total
---------------------------+-------+-------+-------++-------
  Melee: War axe           |    67 |    95 |    24 ||   186
         Constrict         |     9 |    23 |     6 ||    38
         Tentacles         |     5 |    20 |     5 ||    30
         Punch             |     1 |       |       ||     1
  Throw: Dart              |       |       |     2 ||     2
    Use: Potion            |       |     5 |     1 ||     6
   Stab: Sleeping          |     8 |     4 |       ||    12
         Distracted        |       |       |     1 ||     1
 Armour: Skin              |    18 |    45 |     8 ||    71
  Dodge: Dodged            |    43 |    68 |    14 ||   125
  Block: Buckler           |    14 |    26 |     2 ||    42

Table legend: (Time is in decaauts)
 A = Elapsed time spent in this place.
 B = Non-inter-level travel time spent in this place.
 C = Inter-level travel time spent in this place.
 D = Time resting spent in this place.
 E = Time spent auto-exploring this place.
 F = Levels seen in this place.
 G = Mean time per level.
                   A        B        C        D        E       F      G
               +--------+--------+--------+--------+--------+-----+--------+
         Total |   3995 |   3608 |    387 |    470 |   2440 |   5 |  799.0 |
       Dungeon |   3995 |   3608 |    387 |    470 |   2440 |   5 |  799.0 |
               +--------+--------+--------+--------+--------+-----+--------+

Top non-repeatable levels by time:
     D:4: 1271 daAuts
     D:1: 821 daAuts
     D:3: 808 daAuts
     D:2: 738 daAuts
     D:5: 355 daAuts
